 Dungeon Crawl Stone Soup version 0.23.2-33-g5129a83184 (webtiles) character file.

Game seed: 9535308905682048846

573 Derp the Slasher (level 7, -2/82 HPs)
             Began as a Demonspawn Berserker on July 17, 2019.
             Was a Believer of Trog.
             Slain by a two-headed ogre
             ... wielding a +0 dire flail
              (15 damage)
             ... on level 4 of the Dungeon.
             The game lasted 00:09:15 (3330 turns).

Derp the Slasher (Demonspawn Berserker)             Turns: 3330, Time: 00:09:15

Health: -2/82      AC:  6    Str: 25    XL:     7   Next: 12%
Magic:  7/7        EV: 14    Int:  8    God:    Trog [**....]
Gold:   205        SH:  0    Dex: 12    Spells: 6/6 levels left

rFire    . . .     SeeInvis .   a - +0 falchion
rCold    . . .     Gourm    .   (no shield)
rNeg     . . .     Faith    .   b - +0 animal skin
rPois    .         Spirit   .   (no helmet)
rElec    .         Reflect  .   (no cloak)
rCorr    .         Harm     .   (no gloves)
MR       .....                  p - +1 pair of boots
Stlth    ..........             (no amulet)
HPRegen  0.23/turn              (no ring)
MPRegen  0.10/turn              (no ring)

@: berserking, very quick
A: icy blue scales 1, powered by pain 1
a: Berserk, Trog's Hand, Renounce Religion


You were on level 4 of the Dungeon.
You worshipped Trog.
Trog was pleased with you.
You were very hungry.

You visited 1 branch of the dungeon, and saw 4 of its levels.

You collected 205 gold pieces.

Inventory:

Hand Weapons
 a - a +0 falchion (weapon)
Armour
 b - a +0 animal skin (worn)
 p - a +1 pair of boots (worn)
Jewellery
 n - an uncursed amulet of the acrobat {unknown}
Scrolls
 e - 6 scrolls of identify {unknown}
 g - 3 scrolls of teleportation {unknown}
 h - a scroll of blinking {unknown}
 i - a scroll of fog {unknown}
 o - a scroll of remove curse {unknown}
 q - a scroll of amnesia {unknown}
 r - a scroll of random uselessness {unknown}
Potions
 d - 2 potions of heal wounds {unknown}
 f - 3 potions of berserk rage {unknown}
 j - a potion of flight {unknown}
 k - 3 potions of brilliance {unknown}
 l - a potion of lignification {unknown}
 m - a potion of ambrosia {unknown}
 s - 4 potions of curing {unknown}
Comestibles
 c - 7 rations


   Skills:
 + Level 4.8 Fighting
 + Level 4.9 Long Blades
 + Level 1.8 Armour
 + Level 4.1 Dodging
 + Level 2.0 Stealth


You had 6 spell levels left.
You didn't know any spells.
Your spell library was empty.

Dungeon Overview and Level Annotations

Branches:
Dungeon (4/15)
 Temple: D:4-7

Altars:
Ashenzari
Kikubaaqudgha
Nemelex Xobeh


Innate Abilities, Weirdness & Mutations

You are partially covered in icy blue scales. (AC +2)
You sometimes gain a little power by taking damage.


Message History

The two-headed ogre hits you with a +0 dire flail.
* * * LOW HITPOINT WARNING * * *
The two-headed ogre closely misses you.
You hit the two-headed ogre.
The two-headed ogre is heavily wounded.
The two-headed ogre completely misses you.
You riposte.
You hit the two-headed ogre.
The two-headed ogre is heavily wounded.
The two-headed ogre barely misses you.
A red film seems to cover your vision as you go berserk!
You feel yourself moving faster!
You feel mighty!
You are feeling very hungry.
You closely miss the two-headed ogre.
The two-headed ogre is heavily wounded.
The two-headed ogre misses you. The two-headed ogre barely misses you.
You closely miss the two-headed ogre.
The two-headed ogre is heavily wounded.
The two-headed ogre closely misses you.
The two-headed ogre hits you with a +0 giant club!
You die...

### ### ....#....... #..
..# ....#....... #... #.#
.....######.# #... #.#
..... #.# ....#.#......
####.# ####..#.#......
##..... .%.............
#...#.. ######O# #...###
#....@.# #...'.. #.######
#...### #.# ##### #
####.####################
#...........†...........#
#.......................#
#.......................#
#.......................#
#.......................#


You could see a two-headed ogre.

Vanquished Creatures
  A hungry ghost (D:4)
  A phantom (D:4)
  An ogre (D:4)
  A jelly (D:3)
  An orc wizard (D:4)
  Terence (D:2)
  A hound skeleton (D:4)
  Robin (D:2)
  A worker ant zombie (D:4)
  7 adders
  An ooze (D:2)
  A worm (D:3)
  A dart slug (D:3)
  3 leopard geckos
  6 orcs
  6 bats
  2 giant cockroaches (D:1)
  15 goblins
  8 hobgoblins
  2 jackals (D:1)
  4 kobolds
  A quokka (D:2)
  2 ball pythons
  7 frilled lizards
  3 rats
78 creatures vanquished.

Notes
Turn   | Place    | Note
-------+----------+-------------------------------------------
     0 | D:1      | Derp the Demonspawn Berserker began the quest for the Orb.
     0 | D:1      | Reached XP level 1. HP: 18/18 MP: 1/1
   236 | D:1      | Gained mutation: You sometimes gain a little power by
                  | taking damage. [demonic ancestry]
   236 | D:1      | Reached XP level 2. HP: 8/24 MP: 2/2
   916 | D:2      | Found a sparkling altar of Nemelex Xobeh.
   944 | D:2      | Found a shattered altar of Ashenzari.
   948 | D:2      | Saw a vision of the Shoals and the Snake Pit.
   948 | D:2      | Noticed a centaur
   948 | D:2      | Noticed a mana viper
   948 | D:2      | Noticed a hippogriff
   948 | D:2      | Noticed a naga warrior
   948 | D:2      | Noticed a black mamba
   948 | D:2      | Noticed a sea snake
   948 | D:2      | Noticed a merfolk
   948 | D:2      | Noticed a naga
   948 | D:2      | Noticed a naga
   948 | D:2      | Noticed a black mamba
   948 | D:2      | Noticed a naga
   948 | D:2      | Noticed a merfolk
   948 | D:2      | Noticed a shock serpent
   949 | D:2      | Noticed a naga mage
   949 | D:2      | Noticed a hippogriff
  1045 | D:2      | Found an ancient bone altar of Kikubaaqudgha.
  1101 | D:2      | Reached ** piety under Trog
  1114 | D:2      | Gained mutation: You are partially covered in icy blue
                  | scales. (AC +2) [demonic ancestry]
  1114 | D:2      | Reached XP level 3. HP: 9/29 MP: 3/3
  1168 | D:2      | Noticed Robin
  1196 | D:2      | Killed Robin
  1456 | D:2      | Noticed Terence
  1466 | D:2      | Killed Terence
  1466 | D:2      | Reached XP level 4. HP: 18/37 MP: 4/4
  2092 | D:3      | Reached skill level 1 in Stealth
  2315 | D:3      | Reached XP level 5. HP: 40/42 MP: 5/5
  2806 | D:4      | Noticed a hungry ghost
  2839 | D:4      | Killed a hungry ghost
  2839 | D:4      | Reached XP level 6. HP: 38/49 MP: 6/6
  2996 | D:4      | Reached XP level 7. HP: 41/55 MP: 7/7
  3320 | D:4      | Noticed a two-headed ogre
  3330 | D:4      | Slain by a two-headed ogre

Skill      XL: |  1  2  3  4  5  6 |
---------------+-------------------+-----
Dodging        | 2 3 4 |  4.1
Long Blades    | 3 4 |  4.9
Stealth        | 1 2 |  2.0
Fighting       | 4 |  4.8
Armour         | |  1.8

Action                   |  1- 3 |  4- 6 |  7- 9 || total
-------------------------+-------+-------+-------++-------
Melee: Falchion          |    91 |   129 |    46 ||   266
Invok: Berserk           |     4 |     5 |     2 ||    11
       Trog's Hand       |     3 |     3 |     2 ||     8
 Stab: Sleeping          |     1 |     1 |       ||     2
  Eat: Chunk             |     5 |     5 |     1 ||    11
       Ration            |       |     6 |       ||     6
Armor: Animal skin       |    15 |    55 |    12 ||    82
Dodge: Dodged            |    61 |   102 |    36 ||   199
       Rpst.: Falchion   |    19 |    38 |     6 ||    63
